 Dungeon Crawl Stone Soup version 0.27.1-3-gb3d3a73c9e (webtiles) character file.

Game seed: 6040793902282007276

270 Urokeeper the Charlatan (level 6, -4/34 HPs)
             Began as a Kobold Artificer on Oct 14, 2021.
             Slain by a goblin (5 damage)
             ... led by Robin
             ... on level 4 of the Dungeon.
             The game lasted 00:16:41 (3413 turns).

Urokeeper the Charlatan (Kobold Artificer)          Turns: 3413, Time: 00:16:42

Health: -4/34      AC:  4    Str: 10    XL:     6   Next: 46%
Magic:  6/6        EV: 16    Int: 12    God:
Gold:   164        SH:  0    Dex: 17    Spells: 3/5 levels left

rFire    . . .     SeeInvis .   q - +0 mace
rCold    . . .     Faith    .   (shield restricted)
rNeg     . . .     Spirit   .   b - +0 leather armour
rPois    .         Reflect  .   p - +0 helmet
rElec    .         Harm     .   (no cloak)
rCorr    .         Rampage  .   (no gloves)
Will     .....                  (no boots)
Stlth    ++++......             (no amulet)
HPRegen  0.11/turn              (no ring)
MPRegen  0.10/turn              (no ring)

@: no status effects
A: small, no large weapons, nightstalker 3
a: no special abilities


You were on level 4 of the Dungeon.
You visited 1 branch of the dungeon, and saw 5 of its levels.

You collected 164 gold pieces.

Inventory:

Hand Weapons
 g - a +0 short sword
 j - a +0 dagger
 q - a +0 mace (weapon)
Missiles
 a - 28 poisoned darts
 n - 13 bolts
Armour
 b - a +0 leather armour (worn)
 p - a +0 helmet (worn)
Magical Staves
 c - a staff of fire
Jewellery
 u - an amulet of faith
Scrolls
 h - a scroll of vulnerability {unknown}
 k - a scroll of enchant weapon {unknown}
 l - a scroll of fog {unknown}
 r - 3 scrolls of amnesia {unknown}
 s - a scroll of magic mapping {unknown}
 t - a scroll of identify {unknown}
 v - a scroll of enchant armour {unknown}
Potions
 i - a potion of lignification {unknown}
 m - a potion of berserk rage {unknown}
 o - a potion of heal wounds {unknown}
Miscellaneous
 e - a piece from Xom's chessboard (7/15) (quivered)


   Skills:
 - Level 1.1 Fighting
 + Level 3.7 Short Blades
 - Level 0.7 Armour
 + Level 4.3 Dodging
 + Level 4.4 Stealth
 + Level 5.1 Evocations


You had 3 spell levels left.
You knew the following spells:

 Your Spells              Type           Power      Damage    Failure   Level
a - Blink                 Tloc           N/A        N/A       56%         2

Your spell library contained the following spells:

 Spells                   Type           Power      Damage    Failure   Level
 Lesser Beckoning         Tloc           0%         N/A       80%         3
 Manifold Assault         Tloc           0%         N/A       100%        5


Dungeon Overview and Level Annotations

Branches:
Dungeon (5/15)
 Temple: D:4-7

Altars:
Qazlal

Annotations:
D:4 Robin


Innate Abilities, Weirdness & Mutations

You are small and have problems with some larger weapons.
You are completely attuned to the shadows.


Message History

The hobgoblin closely misses you. The goblin hits you but does no damage.
The goblin hits you with a +0 dagger. The goblin misses you.
You hit Robin but do no damage.
Robin roars a battlecry!
The goblins go into a battle-frenzy!
The goblin hits you with a +0 dagger.
A goblin comes into view. It is wielding a +0 dagger.
The goblin hits you with a +0 dagger. The goblin hits you but does no damage.
The goblin barely misses you.
The hobgoblin hits you with a staff of poison!
Robin misses you. The goblin barely misses you.
The hobgoblin closely misses you.
You hear a shout!
You barely miss Robin. The goblin misses you. The goblin completely misses you.
The goblin hits you with a +0 dagger.
* * * LOW HITPOINT WARNING * * *
The hobgoblin closely misses you. The goblin closely misses you.
Robin drinks a potion.
Robin seems to speed up.
A goblin comes into view. It is wielding a +0 dagger.
The hobgoblin completely misses you. The goblin hits you but does no damage.
The goblin barely misses you.
You hit Robin but do no damage. The goblin completely misses you.
The hobgoblin closely misses you. The goblin barely misses you.
The hobgoblin hits you but does no damage.
The goblin hits you but does no damage. The goblin hits you with a +0 club.
* * * LOW HITPOINT WARNING * * *
The goblin closely misses you. The hobgoblin misses you.
The goblin hits you but does no damage.
You hit Robin but do no damage. The hobgoblin closely misses you.
The goblin hits you with a +0 dagger.
* * * LOW HITPOINT WARNING * * *
The goblin completely misses you. The goblin closely misses you.
The hobgoblin hits you with a staff of poison.
* * * LOW HITPOINT WARNING * * *
The goblin barely misses you. The hobgoblin misses you.
The goblin closely misses you. The goblin hits you but does no damage.
You hit Robin.
Robin is lightly wounded.
The goblin hits you with a +0 dagger.
You die...

.........#
.........#
......gg.##
.....gggg..
.....g@ggg.
.#####ggg..
#.#### #.#
#.#


You could see Robin (fast), 2 hobgoblins and 10 goblins.

Vanquished Creatures
  An ogre (D:4)
  A scorpion (D:3)
  2 adders
  An adder skeleton (D:2)
  5 worms
  3 dart slugs (D:2)
  4 orcs
  11 endoplasms
  3 giant cockroaches
  3 hobgoblins
  4 jackals (D:2)
  5 quokkas
  4 ball pythons
  5 bats
  3 frilled lizards
  9 goblins
  3 kobolds (D:1)
  5 rats
72 creatures vanquished.

Vanquished Creatures (collateral kills)
  An adder (D:2)
  An orc (D:2)
  An endoplasm (D:2)
  A hobgoblin (D:2)
  A kobold (D:2)
5 creatures vanquished.

Vanquished Creatures (others)
  A hobgoblin (D:2)
1 creature vanquished.

Grand Total: 78 creatures vanquished

Notes
Turn   | Place    | Note
-------+----------+-------------------------------------------
     0 | D:1      | Urokeeper the Kobold Artificer began the quest for the Orb.
     0 | D:1      | Reached XP level 1. HP: 12/12 MP: 1/1
   232 | D:1      | Reached XP level 2. HP: 16/16 MP: 2/2
   257 | D:1      | Reached skill level 1 in Short Blades
   736 | D:1      | Reached XP level 3. HP: 20/20 MP: 3/3
   864 | D:1      | Found a faded altar of an unknown god.
   892 | D:1      | Reached skill level 4 in Evocations
  1463 | D:2      | Reached XP level 4. HP: 25/25 MP: 4/4
  2290 | D:2      | Reached XP level 5. HP: 29/29 MP: 5/5
  2339 | D:2      | Found a stormy altar of Qazlal.
  2519 | D:3      | Learned a level 2 spell: Blink
  3094 | D:3      | You fall into a shaft and drop 2 floors!
  3094 | D:5      | Entered Level 5 of the Dungeon
  3193 | D:4      | Noticed an ogre
  3202 | D:4      | Killed an ogre
  3203 | D:4      | Reached skill level 5 in Evocations
  3203 | D:4      | Reached XP level 6. HP: 34/34 MP: 6/6
  3403 | D:4      | Noticed Robin
  3412 | D:4      | HP: 1/34 [hobgoblin[Robin] (1)]
  3413 | D:4      | Slain by a goblin

Illustrated notes

Levels and vault maps discovered:
D:1:      psy_arrival_statuary, layout_basic,
          ebering_ecumenical_altar_petrified, hex_intersection
D:2:      layout_rooms, basic_altar, minmay_joined_circles
D:3:      layout_loops_ring, kennysheep_cluttered_room, serial_bayou_pond_c,
          chequers_serial_rivers_marsh
D:4:      layout_basic, minmay_temple_entry_offerings, uniq_robin
D:5:      wad_lake_hut, layout_basic,
          grunt_temple_overflow_lords_of_destruction, lemuel_round_altar,
          hangedman_decor_peaks_small

Skill      XL: |  1  2  3  4  5 |
---------------+----------------+-----
Short Blades   | 1 2 3 |  3.7
Stealth        | 2 3 4 |  4.4
Evocations     | 4 5 |  5.1
Dodging        | 3 4 |  4.3
Fighting       | |  1.1
Armour         | |  0.7

Action                   |  1- 3 |  4- 6 || total
-------------------------+-------+-------++-------
Melee: Short sword       |    76 |     8 ||    84
       Club              |     2 |       ||     2
       Dagger            |    19 |    92 ||   111
       Mace              |       |    43 ||    43
Evoke: Wand              |    13 |    17 ||    30
       Piece from Xom's  |       |    13 ||    13
  Use: Potion            |       |     1 ||     1
       Scroll            |       |     1 ||     1
 Stab: Sleeping          |    19 |    18 ||    37
       Petrified         |       |     1 ||     1
       Betrayed ally     |       |     1 ||     1
Armor: Leather armour    |    20 |    34 ||    54
Dodge: Dodged            |    70 |   122 ||   192
